 Dungeon Crawl Stone Soup version 0.25-b1-37-g2669288c55 (webtiles) character file.

Game seed: 15843189842378430753

338 grindst0ne the Skirmisher (level 6, -7/75 HPs)
             Began as a Demonspawn Gladiator on June 4, 2020.
             Mangled by Pikel
             ... wielding a +1 whip of electrocution
              (19 damage)
             ... on level 3 of the Dungeon.
             The game lasted 00:05:26 (4129 turns).

grindst0ne the Skirmisher (Demonspawn Gladiator)    Turns: 4129, Time: 00:05:27

Health: -7/75      AC: 23    Str: 13 (16) XL:     6   Next: 29%
Magic:  0/6        EV:  2    Int:  8 (10) God:
Gold:   171        SH:  0    Dex: 16 (18) Spells: 5/5 levels left

rFire    . . .     SeeInvis .   s - +2 dagger (speed)
rCold    . . .     Gourm    .   (no shield)
rNeg     + + +     Faith    .   (armour currently unavailable)
rPois    +         Spirit   +   (helmet currently unavailable)
rElec    .         Reflect  .   (cloak currently unavailable)
rCorr    .         Harm     .   (gloves currently unavailable)
MR       .....     NoTele   +   (boots currently unavailable)
Stlth    +++.......             (no amulet)
HPRegen  0.22/turn              (no ring)
MPRegen  0.10/turn              (no ring)

@: tree-form, stab
A: thin skeletal structure 2, magic shield
a: no special abilities


You were on level 3 of the Dungeon.
You were hungry.
You were a tree.
You visited 1 branch of the dungeon, and saw 4 of its levels.

You collected 171 gold pieces.

Inventory:

Hand Weapons
 a - a +0 war axe
 s - a +2 dagger of speed (weapon)
Missiles
 d - 2 throwing nets (quivered)
Armour
 b - a +0 leather armour (melded)
 c - a +0 helmet
 k - a +0 kite shield
 p - a +1 robe of the Archmagi
 u - a +0 pair of gloves (melded)
 v - a +0 cloak (melded)
Jewellery
 j - a +6 ring of strength
Wands
 o - a wand of enslavement (8)
Scrolls
 e - 4 scrolls of teleportation {unknown}
 h - 2 scrolls of fear {unknown}
 n - a scroll of fog {unknown}
 r - a scroll of enchant armour {unknown}
 t - 2 scrolls of remove curse {unknown}
 x - a scroll of identify {unknown}
 y - a scroll of enchant weapon {unknown}
Potions
 g - a potion of degeneration
 m - a potion of curing {unknown}
Comestibles
 f - 8 rations


   Skills:
 + Level 4.9 Fighting
 + Level 1.2 Short Blades
 - Level 2.6 Axes
 - Level 1.7 Throwing
 + Level 2.8 Dodging
 * Level 1.9 Stealth
 + Level 2.8 Shields


You had 5 spell levels left.
You didn't know any spells.
Your spell library was empty.

Dungeon Overview and Level Annotations

Branches:
Dungeon (4/15)
 Temple: D:4-7

Altars:
Fedhas

Annotations:
D:3 Pikel


Innate Abilities, Weirdness & Mutations

((You have a pair of small horns on your head.))
You have a moderately thin skeletal structure. (Dex +4, Stealth+)
((Your flesh is cold resistant. (rC+)))
When hurt, damage is shared between your health and your magic reserves.


Message History

Pikel is lightly wounded.
You barely miss Pikel.
Pikel is lightly wounded.
Pikel hits you but does no damage.
You hit Pikel but do no damage.
Pikel is lightly wounded.
You are feeling hungry.
Pikel hits you but does no damage.
You are electrocuted!
* * * LOW HITPOINT WARNING * * *
You hit Pikel but do no damage.
Pikel is lightly wounded.
You barely miss Pikel.
Pikel is lightly wounded.
Pikel hits you but does no damage.
It was a potion of stabbing.
You feel ready to backstab.
Pikel hits you with a +1 whip of electrocution.
* * * LOW HITPOINT WARNING * * *
You are electrocuted!!
You die...

#.........#......................
#.........#####..###########.....
#.........# ##..# #.....
#.[.......# #...###### #.....
#.........####.#......# #.....
#...........##.#......# #.....
#.........#..#.#pp.Kp.######.....
######..####.#.#K###.p^#.....###.
##.####.#[#♣###.#.#.....###.
#.#..........#p..#..[...##.
#.#..........##..#.........
#....[.......##...<.)..###.
##...........##.#......###.
#........)..##.#..........
##........<.........>..##.
#....>................##.
#........................


You could see Pikel and 2 slaves.

Vanquished Creatures
  A jelly (D:2)
  An orc priest (D:2)
  Crazy Yiuf (D:3)
  An orc wizard (D:2)
  Jessica (D:2)
  A worker ant (D:3)
  Robin (D:2)
  5 adders
  3 oozes
  3 dart slugs (D:2)
  2 leopard geckos
  10 orcs
  4 giant cockroaches
  14 goblins
  8 hobgoblins
  6 jackals
  8 kobolds
  2 quokkas (D:2)
  5 bats
  5 frilled lizards
  13 rats
95 creatures vanquished.

Notes
Turn   | Place    | Note
-------+----------+-------------------------------------------
     0 | D:1      | grindst0ne the Demonspawn Gladiator began the quest for the
                  | Orb.
     0 | D:1      | Reached XP level 1. HP: 16/16 MP: 1/1
   163 | D:1      | Gained mutation: When hurt, damage is shared between your
                  | health and your magic reserves. [demonic ancestry]
   163 | D:1      | Reached XP level 2. HP: 23/23 MP: 2/2
   265 | D:1      | Reached skill level 3 in Fighting
   643 | D:1      | Gained mutation: Your flesh is cold resistant. (rC+)
                  | [demonic ancestry]
   643 | D:1      | Reached XP level 3. HP: 9/29 MP: 0/3
  1240 | D:2      | Reached skill level 1 in Shields
  1509 | D:2      | Reached skill level 4 in Fighting
  1509 | D:2      | Gained mutation: You have a somewhat thin skeletal
                  | structure. (Dex +2, Stealth) [demonic ancestry]
  1509 | D:2      | Reached XP level 4. HP: 36/37 MP: 2/4
  1859 | D:2      | Noticed Jessica
  1869 | D:2      | Killed Jessica
  1884 | D:2      | Noticed Robin
  1908 | D:2      | Killed Robin
  2089 | D:2      | Gained mutation: You have a pair of small horns on your
                  | head. [demonic ancestry]
  2089 | D:2      | Reached XP level 5. HP: 38/43 MP: 3/5
  2202 | D:2      | Found a blossoming altar of Fedhas.
  2747 | D:2      | Reached skill level 1 in Stealth
  3132 | D:3      | Reached skill level 1 in Short Blades
  3132 | D:3      | Gained mutation: You have a moderately thin skeletal
                  | structure. (Dex +4, Stealth+) [demonic ancestry]
  3132 | D:3      | Reached XP level 6. HP: 34/50 MP: 2/6
  3415 | D:3      | Found a runed translucent door.
  3444 | D:3      | Noticed Crazy Yiuf
  3454 | D:3      | Killed Crazy Yiuf
  4072 | D:4      | Noticed a slave
  4073 | D:4      | Noticed a slave
  4074 | D:4      | Noticed Pikel
  4075 | D:4      | Noticed a slave
  4076 | D:4      | Noticed a slave
  4129 | D:3      | Mangled by Pikel

Illustrated notes

Levels and vault maps discovered:
D:1:      co_arrival_square_in_a_square_in_a_square, layout_loops_ring
D:2:      layout_loops_ring, nicolae_overflow_hidden_temple, first_ration,
          chequers_garden, uniq_robin, uniq_jessica
D:3:      layout_rooms, portal_sewer_entry_a, uniq_crazy_yiuf_cottage
D:4:      layout_basic, ebering_ghost_rock_garden, uniq_pikel

Skill      XL: |  1  2  3  4  5 |
---------------+----------------+-----
Fighting       | 3 4 |  4.9
Shields        | 1 2 |  2.8
Stealth        | 1 |  1.9
Short Blades   | 1 |  1.2
Axes           | |  2.6
Throwing       | |  1.7
Dodging        | |  2.8

Action                   |  1- 3 |  4- 6 || total
-------------------------+-------+-------++-------
Melee: War axe           |   127 |    53 ||   180
       Dagger            |       |   144 ||   144
       Headbutt          |       |    24 ||    24
Throw: Throwing net      |       |     2 ||     2
Evoke: Wand              |       |     1 ||     1
  Use: Potion            |       |     4 ||     4
 Stab: Sleeping          |     1 |     7 ||     8
  Eat: Chunk             |     2 |     8 ||    10
Armor: Leather armour    |    52 |    47 ||    99
       Skin              |       |     4 ||     4
Dodge: Dodged            |   106 |   144 ||   250
